 Dungeon Crawl Stone Soup version 0.21.1 (webtiles) character file.

1019 letownia3 the Magician (level 8, 48/58 HPs)
             Began as a Demonspawn Wizard on Feb 5, 2018.
             Was an Initiate of Gozag.
             Quit the game on level 6 of the Dungeon.
             The game lasted 00:10:26 (4264 turns).

letownia3 the Magician (Demonspawn Wizard)          Turns: 4264, Time: 00:10:27

Health: 48/58      AC:  6    Str: 10    XL:     8   Next: 2%
Magic:  14/16      EV: 11    Int: 22    God:    Gozag
Gold:   641        SH:  0    Dex: 12    Spells: 9/18 levels left

rFire    . . .     SeeInvis .   a - +0 rapier (venom)
rCold    . . .     Gourm    .   (no shield)
rNeg     . . .     Faith    .   s - +0 leather armour
rPois    +         Spirit   .   u - +0 helmet
rElec    .         Reflect  .   v - +0 cloak
rCorr    .         Harm     .   (no gloves)
MR       .....                  l - +0 pair of boots
Stlth    ++++......             (no amulet)
HPRegen  0.19/turn              g - +3 ring of intelligence
MPRegen  0.15/turn              h - ring of poison resistance

@: gold aura
A: hooves 1, nightstalker 2, powered by death 1, sanguine armour 1
a: Potion Petition, Call Merchant, Bribe Branch, Renounce Religion


You were on level 6 of the Dungeon.
You worshipped Gozag.
Gozag was pleased with you.
You were not hungry.

You visited 2 branches of the dungeon, and saw 6 of its levels.

You collected 712 gold pieces.
You paid 71 gold pieces to Gozag.

Inventory:

Hand Weapons
 a - a +0 rapier of venom (weapon)
 b - a +0 mace of protection
 m - a +0 blowgun
Missiles
 n - 35 poisoned needles
Armour
 l - a +0 pair of boots (worn)
 s - a +0 leather armour (worn)
 u - a +0 helmet (worn)
 v - a +0 cloak (worn)
 z - a +0 ring mail
Jewellery
 g - a +3 ring of intelligence (left hand)
 h - a ring of poison resistance (right hand)
 y - a +3 ring of protection
Wands
 k - a wand of flame (50)
Scrolls
 e - 4 scrolls of identify {unknown}
 f - a scroll of enchant armour {unknown}
 i - 4 scrolls of teleportation {unknown}
 p - a scroll of remove curse {unknown}
 q - a scroll of magic mapping {unknown}
 r - a scroll of fog {unknown}
 w - a scroll of immolation {unknown}
 B - a scroll of noise {unknown}
 C - a scroll of amnesia {unknown}
Potions
 j - a potion of degeneration {unknown}
 o - a potion of magic {unknown}
 t - a potion of flight {unknown}
 x - a potion of haste {unknown}
 A - a potion of heal wounds {unknown}
Books
 c - a book of Minor Magic

   Spells                             Type                      Level
   a - Magic Dart                     Conjuration                  1
   b - Blink                          Translocation                2
   c - Call Imp                       Summoning                    2
   d - Slow                           Hexes                        2
   e - Conjure Flame                  Conjuration/Fire             3
   f - Mephitic Cloud                 Conjuration/Poison/Air       3
Comestibles
 d - 9 rations


   Skills:
 - Level 3.1 Fighting
 - Level 1.7 Dodging
 - Level 1.7 Stealth
 + Level 5.5 Spellcasting
 - Level 4.3 Conjurations
   Level 1.0 Summonings
 - Level 2.1 Translocations
 - Level 2.2 Fire Magic
 - Level 2.2 Air Magic
 - Level 2.1 Poison Magic


You had 9 spell levels left.
You knew the following spells:

 Your Spells              Type           Power        Failure   Level  Hunger
a - Magic Dart            Conj           ####         2%          1    None
b - Blink                 Tloc           N/A          8%          2    None
c - Conjure Flame         Conj/Fire      ###.....     10%         3    ##.....
e - Mephitic Cloud        Conj/Pois/Air  ###.....     12%         3    ##.....


Dungeon Overview and Level Annotations

Branches:
Dungeon (4/15)             Temple (1/1) D:4

Altars:
Ashenzari
Dithmenos
Elyvilon
Fedhas
Gozag
Hepliaklqana
Makhleb
Nemelex Xobeh
Okawaru
Qazlal
Sif Muna
Trog
Vehumet
Wu Jian
Yredelemnul
Zin
The Shining One


Innate Abilities, Weirdness & Mutations

You have large cloven feet.
You are significantly more attuned to the shadows.
You regenerate a little health from kills.
When seriously injured, your bleeding wounds create armour. (AC +0)


Message History

The bullfrog is moderately wounded.
The bullfrog hits you. x2
You closely miss the bullfrog.
The bullfrog is heavily wounded.
The bullfrog barely misses you. The bullfrog completely misses you.
You hit the bullfrog.
The bullfrog looks as sick as possible!
The bullfrog is almost dead.
The bullfrog barely misses you.
The bullfrog hits you but does no damage.
You completely miss the bullfrog.
The bullfrog is almost dead.
You kill the bullfrog!
You have reached level 8!
You feel stronger.
Your demonic ancestry asserts itself...
Your feet thicken and deform.
You now have 641 gold pieces (gained 6).
Are you sure you want to abandon this character and quit the game? (Confirm with "yes".)
Okay, then.
Unknown command.
Are you sure you want to abandon this character and quit the game? (Confirm with "yes".)

.........#
.........#
#...........##
...........##
............#
#...........#
##...........#
#............#
#.@....))....#
#......).....#
##...##.....##
############


There were no monsters in sight!

Vanquished Creatures
  The ghost of shakethe the Cudgeler, an amateur TrBe of Trog (D:4)
  Eustachio (D:4)
  An orc warrior (D:4)
  A sky beast (D:6)
  A bullfrog (D:6)
  A jelly (D:6)
  2 orc priests (D:3)
  A worker ant (D:4)
  5 orc wizards
  3 adders
  3 oozes
  10 dart slugs
  13 orcs
  9 bats
  9 giant cockroaches
  14 goblins
  9 hobgoblins
  A quokka (D:2)
  8 frilled lizards
  9 kobolds
  7 rats
109 creatures vanquished.

Vanquished Creatures (others)
  An orc (D:3)
1 creature vanquished.

Grand Total: 110 creatures vanquished

Notes
Turn   | Place    | Note
-------+----------+-------------------------------------------
     0 | D:1      | letownia3 the Demonspawn Wizard began the quest for the Orb.
     0 | D:1      | Reached XP level 1. HP: 13/13 MP: 4/4
   281 | D:2      | Gained mutation: When seriously injured, your bleeding wounds create armour. (AC +0) [demonic ancestry]
   281 | D:2      | Reached XP level 2. HP: 19/19 MP: 1/6
   673 | D:2      | Gained mutation: You are slightly more attuned to the shadows. [demonic ancestry]
   673 | D:2      | Reached XP level 3. HP: 18/24 MP: 3/7
   678 | D:2      | Learned a level 3 spell: Mephitic Cloud
   682 | D:2      | Learned a level 3 spell: Conjure Flame
   777 | D:2      | Found a burning altar of Makhleb.
   781 | D:2      | Found an iron altar of Okawaru.
   783 | D:2      | Found a faded altar of an unknown god.
   784 | D:2      | Found a faded altar of an unknown god.
   787 | D:2      | Found a deep blue altar of Sif Muna.
  1198 | D:3      | Gained mutation: You are significantly more attuned to the shadows. [demonic ancestry]
  1198 | D:3      | Reached XP level 4. HP: 30/30 MP: 2/8
  1296 | D:4      | Learned a level 2 spell: Blink
  1416 | D:4      | Found a staircase to the Ecumenical Temple.
  1433 | D:4      | Noticed Eustachio
  1453 | Temple   | Entered the Ecumenical Temple
  1572 | Temple   | Became a worshipper of Gozag Ym Sagoz the Greedy
  1613 | D:4      | Killed Eustachio
  1613 | D:4      | Reached skill level 1 in Translocations
  1613 | D:4      | Reached skill level 1 in Fire Magic
  1613 | D:4      | Reached skill level 1 in Air Magic
  1613 | D:4      | Reached skill level 1 in Poison Magic
  1613 | D:4      | Reached XP level 5. HP: 27/35 MP: 3/9
  1834 | D:3      | Gained mutation: You regenerate a little health from kills. [demonic ancestry]
  1834 | D:3      | Reached XP level 6. HP: 16/41 MP: 1/10
  3677 | D:4      | Noticed an orc warrior
  3692 | D:4      | Killed an orc warrior
  3692 | D:4      | Reached skill level 1 in Fighting
  3709 | D:4      | Reached XP level 7. HP: 18/48 MP: 12/12
  3962 | D:4      | Noticed shakethe's ghost (amateur TrBe)
  3990 | D:4      | Killed shakethe's ghost
  3990 | D:4      | Reached skill level 4 in Spellcasting
  4134 | D:4      | You fall through a shaft for 2 floors!
  4197 | D:6      | Reached skill level 5 in Spellcasting
  4261 | D:6      | Gained mutation: You have large cloven feet. [demonic ancestry]
  4261 | D:6      | Reached XP level 8. HP: 47/58 MP: 14/16
  4264 | D:6      | Quit the game

Skill      XL: |  1  2  3  4  5  6  7 |
---------------+----------------------+-----
Conjurations   | 2 3 4 |  4.3
Translocations | 1 2 |  2.1
Fire Magic     | 1 2 |  2.2
Air Magic      | 1 2 |  2.2
Poison Magic   | 1 2 |  2.1
Fighting       | 1 3 |  3.1
Spellcasting   | 5 |  5.5
Dodging        | |  1.7
Stealth        | |  1.7
Summonings     | |  1.0

Action                   |  1- 3 |  4- 6 |  7- 9 || total
-------------------------+-------+-------+-------++-------
Melee: Unarmed           |     1 |       |       ||     1
       Mace              |    15 |     7 |       ||    22
       Rapier            |       |   157 |    36 ||   193
 Fire: Blowgun           |       |     9 |       ||     9
 Cast: Magic Dart        |    67 |     7 |       ||    74
       Mephitic Cloud    |       |     6 |     1 ||     7
       Conjure Flame     |       |       |     4 ||     4
       Blink             |       |       |     1 ||     1
  Use: Potion            |       |     2 |       ||     2
 Stab: Sleeping          |       |    22 |     1 ||    23
       Confused          |       |     1 |     1 ||     2
  Eat: Chunk             |     1 |       |       ||     1
       Ration            |       |     2 |     1 ||     3
Armor: Robe              |     5 |     2 |       ||     7
       Leather armour    |       |    76 |     8 ||    84
Dodge: Dodged            |    20 |    82 |    20 ||   122
